 Dungeon Crawl Stone Soup version 0.32-a0-768-g0f6f1dd4b9 (webtiles) character file.

Game seed: 1633254144929324138

1749 demenzo the Chopper (level 9, 0/61 (68) HPs)
             Began as a Coglin Gladiator on Mar 18, 2024.
             Was a Believer of Dithmenos.
             Succumbed to a wight's poison
             ... on level 6 of the Dungeon.
             The game lasted 00:07:15 (5080 turns).

demenzo the Chopper (Coglin Gladiator)              Turns: 5080, Time: 00:07:16

HP:   0/61 (68)     AC: 10    Str: 18    XL:     9   Next: 6%
MP:   9/9           EV:  8    Int:  8    God:    Dithmenos [**....]
Gold: 281           SH:  0    Dex: 16    Spells: 8/8 levels left

rFire   + . .        a - +0 war axe {Hugo}
rCold   . . .        s - +1 mace "Saricoth" {spect, rF+}
rNeg    . . .        g - +0 chain mail
rPois   .            c - +0 helmet
rElec   .            (no cloak)
rCorr   .            (no gloves)
SInv    .            (no boots)
Will    .....        (amulet unavailable) Stlth
                     (ring unavailable)
HPRegen 0.30/turn    (ring unavailable)
MPRegen 0.11/turn    (no gizmo)

%: no passive effects
@: lethally poisoned (0 -> -6), wreathed by umbra, heavily drained
A: off-hand wielding, slow wielding, warmup strikes, no jewellery
a: Invent Gizmo, Renounce Religion, Shadow Step


You were on level 6 of the Dungeon.
You worshipped Dithmenos.
Dithmenos was pleased with you.
You visited 1 branch of the dungeon, and saw 7 of its levels.

You collected 348 gold pieces.
You spent 67 gold pieces at shops.

Inventory:

Hand Weapons
 a - a +0 war axe (weapon) {Hugo}
 f - a +0 dagger {Wei}
 s - the +1 mace "Saricoth" (offhand) {spect, rF+}
   (You found it on level 6 of the Dungeon)

   rF+:       It protects you from fire.
 x - a +0 dire flail of draining
Missiles
 b - 2 throwing nets (quivered) {!f}
 l - 8 boomerangs
 w - 7 javelins
Armour
 c - a +0 helmet (worn)
 g - a +0 chain mail (worn)
Talismans
 z - a granite talisman
Wands
 O - a wand of polymorph (6)
 P - a wand of paralysis (3)
Scrolls
 d - 4 scrolls of identify
 j - 2 scrolls of summoning {unknown}
 m - 2 scrolls of vulnerability {unknown}
 n - a scroll of amnesia {unknown}
 o - a scroll of enchant armour {unknown}
 p - a scroll of silence {unknown}
 r - 2 scrolls of poison {unknown}
 u - a scroll of fear {unknown}
 v - a scroll of enchant weapon {unknown}
 y - 2 scrolls of teleportation {unknown}
 B - a scroll of revelation {unknown}
Potions
 e - 2 potions of haste
 h - a potion of heal wounds
 i - a potion of mutation {unknown}
 k - a potion of might
 q - 3 potions of curing
 A - 2 potions of degeneration
 U - a potion of attraction


   Skills:
 + Level 5.1 Fighting
 * Level 7.6(8.4) Axes
 * Level 5.0(6.7) Maces & Flails
 - Level 1.7 Throwing
 + Level 3.9 Armour
 - Level 3.0 Dodging


You had 8 spell levels left.
You didn't know any spells.
Your spell library contained the following spells:

 Spells                   Type           Power      Damage    Failure   Level
 Apportation              Tloc           0%         N/A       98%         1
 Necrotise                Necr           0%         1d4       98%         1
 Shock                    Conj/Air       0%         1d3       98%         1
 Sting                    Conj/Alch      0%         1d3       98%         1
 Summon Small Mammal      Summ           0%         N/A       98%         1
 Lesser Beckoning         Tloc           0%         N/A       99%         2
 Mercury Vapours          Alch/Air       0%         N/A       99%         2
 Gell's Gravitas          Tloc           0%         N/A       100%        3
 Mephitic Cloud           Conj/Alch/Air  0%         N/A       100%        3
 Swiftness                Air            0%         N/A       100%        3
 Teleport Other           Tloc           0%         N/A       100%        3
 Airstrike                Air            0%         2d(0-16)  100%        4
 Freezing Cloud           Conj/Ice/Air   0%         6-21      100%        5


Dungeon Overview and Level Annotations

Branches:
Dungeon (7/15) Zot: 23986  Temple (0/1) D:5

Altars:
Dithmenos
Hepliaklqana
Sif Muna
Xom
The Shining One

Shops:
D:6 *


Innate Abilities, Weirdness & Mutations

You can wield a second weapon in your off-hand.
It takes a long time for you to wield or remove held weapons.
Your first few attacks do less damage.
You cannot equip rings or amulets.


Message History

The wight attacks as it pursues you! The wight hits you but does no damage.
Okay, then.
You feel sick. The wight attacks as it pursues you!
The wight barely misses you.
You feel sick.
You feel sick.
You feel sick. The wight attacks as it pursues you!
The wight barely misses you.
You feel sick.
You feel sick.
You feel sick. The wight attacks as it pursues you!
The wight hits you but does no damage.
You are more poisoned.
You feel sick.
You feel sick.
You feel sick. The wight attacks as it pursues you!
The wight hits you from afar with a +0 spear of venom.
* * * LOW HITPOINT WARNING * * *
You feel drained.
* * * LOW HITPOINT WARNING * * *
You are lethally poisoned!
* * * LOW HITPOINT WARNING * * *
You feel very sick.
You feel better.
The wight hits you from afar with a +0 spear of venom.
* * * LOW HITPOINT WARNING * * *
You feel drained. The wight attacks as it pursues you!
The wight closely misses you. The wight attacks as it pursues you!
The wight hits you from afar with a +0 spear of venom.
* * * LOW HITPOINT WARNING * * *
You feel drained.
You are lethally poisoned!
* * * LOW HITPOINT WARNING * * *
You feel very sick.
There is a stone staircase leading up here.
* * * LOW HITPOINT WARNING * * *
You feel very sick.
You climb upwards.
You die...

#...## #...........
##...###...........
##...##))....#....
#.#....)#####....
######.#####)## #....
#.........##..#####...
#.........###....###..
#.........# ####...###
#...[@....# ###....
#.........# ##...#
#.........# ###..#..
#.........#####...##..
#................####.
#.....................
#####.................
#...####..........##
###...............##


There were no monsters in sight!

Vanquished Creatures
  Sigmund (D:4)
  A water moccasin (D:4)
  Edmund (D:4)
  Duvessa (D:6)
  An ice beast (D:7)
  A phantom (D:6)
  6 scorpions
  A wight (D:7)
  Dowan (D:6)
  A bombardier beetle (D:6)
  2 jellies
  4 orc priests
  Ijyb (D:3)
  2 iguanas
  8 orc wizards
  4 adders
  A shadow imp (D:4)
  2 ufetubi (D:7)
  3 dart slugs
  2 ribbon worms
  21 orcs
  7 endoplasms
  2 giant cockroaches
  4 goblins
  5 hobgoblins
  11 jackals
  9 kobolds
  3 quokkas
  7 ball pythons
  5 bats (D:1)
  2 frilled lizards
  3 rats
123 creatures vanquished.

Notes
Turn   | Place    | Note
-------+----------+-------------------------------------------
     0 | D:1      | demenzo the Coglin Gladiator began the quest for the Orb.
     0 | D:1      | Reached XP level 1. HP: 16/16 MP: 1/1
   132 | D:1      | Reached XP level 2. HP: 22/22 MP: 2/2
   628 | D:2      | Reached XP level 3. HP: 19/28 MP: 3/3
   693 | D:2      | Found a shadowy altar of Dithmenos.
   714 | D:2      | Became a worshipper of Dithmenos the Shadowed
  1191 | D:3      | Noticed Ijyb
  1299 | D:2      | Reached XP level 4. HP: 4/34 MP: 4/4
  1419 | D:3      | Paralysed by Ijyb for 3 turns
  1487 | D:3      | Reached skill level 4 in Axes
  1519 | D:3      | Reached skill level 1 in Armour
  1526 | D:3      | Reached * piety under Dithmenos
  1536 | D:3      | Reached XP level 5. HP: 28/41 MP: 5/5
  1761 | D:3      | Killed Ijyb
  1989 | D:4      | You fall into a shaft and drop 3 floors!
  2077 | D:6      | Identified the +1 mace "Saricoth" {spect, rF+}
  2097 | D:5      | Entered Level 5 of the Dungeon
  2130 | D:5      | Found a staircase to the Ecumenical Temple.
  2154 | D:5      | Noticed Edmund
  2181 | D:4      | Reached skill level 5 in Axes
  2181 | D:4      | Reached XP level 6. HP: 45/47 MP: 6/6
  2197 | D:4      | Noticed a water moccasin
  2203 | D:4      | Killed a water moccasin
  2204 | D:4      | Reached skill level 1 in Maces & Flails
  2310 | D:4      | Reached XP level 7. HP: 53/53 MP: 7/7
  2416 | D:4      | Noticed Sigmund
  2423 | D:4      | Killed Sigmund
  2424 | D:4      | Reached skill level 6 in Axes
  2433 | D:4      | Found a hazy altar of Hepliaklqana.
  2433 | D:4      | Found a glowing golden altar of the Shining One.
  2433 | D:4      | Found a shimmering altar of Xom.
  2535 | D:4      | Found a shimmering blue altar of Sif Muna.
  2586 | D:4      | Reached ** piety under Dithmenos
  3255 | D:4      | Killed Edmund
  3256 | D:4      | Reached XP level 8. HP: 18/58 MP: 8/8
  3963 | D:6      | Noticed Dowan
  3963 | D:6      | Noticed Duvessa
  4023 | D:6      | Killed Duvessa
  4029 | D:6      | Killed Dowan
  4032 | D:6      | HP: 3/61 [poisoned by Dowan]
  4034 | D:6      | HP: 1/61 [poisoned by Dowan]
  4495 | D:6      | Reached skill level 7 in Axes
  4704 | D:6      | Found Rauz's CLEARANCE SALE!.
  4713 | D:6      | Bought a potion of heal wounds for 25 gold pieces
  4713 | D:6      | Bought a wand of polymorph (6) for 42 gold pieces
  4907 | D:7      | Reached skill level 5 in Fighting
  5058 | D:7      | Reached XP level 9. HP: 58/68 MP: 9/9
  5061 | D:7      | Reached skill level 5 in Maces & Flails
  5079 | D:7      | HP: 2/61 [poisoned by a wight]
  5080 | D:6      | Succumbed to a wight's poison

Illustrated notes

Levels and vault maps discovered:
D:1:      erik_arrival_blinker_ship, layout_loops_cross
D:2:      layout_rooms, basic_altar
D:3:      layout_rooms, uniq_ijyb
D:4:      layout_cave_pods, kennysheep_orc_sif_temple,
          gammafunk_temple_overflow_forgotten, uniq_sigmund
D:5:      layout_loops_cross, minmay_temple_entry_statues_pillars, uniq_edmund
D:6:      layout_rooms, nicolae_shop_clearance, uniq_duvessa
D:7:      layout_basic

Skill      XL: |  1  2  3  4  5  6  7  8  9 |
---------------+----------------------------+-----
Dodging        | 3 |  3.0
Axes           | 4 5 6 7 |  7.6
Armour         | 1 2 3 |  3.9
Fighting       | 3 4 5 |  5.1
Maces & Flails | 1 3 4 5 |  5.0
Throwing       | |  1.7

Action                     |  1- 3 |  4- 6 |  7- 9 || total
---------------------------+-------+-------+-------++-------
  Melee: War axe           |    65 |    57 |   129 ||   251
         Dagger            |    64 |    38 |       ||   102
         Mace              |       |     8 |   141 ||   149
  Throw: Throwing net      |       |     1 |       ||     1
  Evoke: Wand              |       |       |     1 ||     1
    Use: Potion            |       |     1 |     1 ||     2
         Scroll            |       |       |     4 ||     4
   Stab: Held in net/web   |       |     1 |       ||     1
         Paralysed         |       |       |     2 ||     2
 Armour: Leather armour    |    22 |       |       ||    22
         Scale mail        |    18 |    44 |    37 ||    99
         Chain mail        |     3 |       |    85 ||    88
  Dodge: Dodged            |    43 |    38 |    79 ||   160

Table legend: (Time is in decaauts)
 A = Elapsed time spent in this place.
 B = Non-inter-level travel time spent in this place.
 C = Inter-level travel time spent in this place.
 D = Time resting spent in this place.
 E = Time spent auto-exploring this place.
 F = Levels seen in this place.
 G = Mean time per level.
                   A        B        C        D        E       F      G
               +--------+--------+--------+--------+--------+-----+--------+
         Total |   5129 |   4938 |    191 |    763 |   3181 |   7 |  732.7 |
       Dungeon |   5129 |   4938 |    191 |    763 |   3181 |   7 |  732.7 |
               +--------+--------+--------+--------+--------+-----+--------+

Top non-repeatable levels by time:
     D:4: 1275 daAuts
     D:6: 935 daAuts
     D:2: 733 daAuts
     D:5: 660 daAuts
     D:3: 626 daAuts
     D:1: 607 daAuts
     D:7: 290 daAuts
